 Dungeon Crawl Stone Soup version 0.31-a0-18-gea43df2a32 (webtiles) character file.

Game seed: 4431996611950777321

286 pk666 the Magician (level 6, 0/32 HPs)
             Began as a Deep Elf Hedge Wizard on May 12, 2023.
             Was an Initiate of Vehumet.
             Killed from afar by an orc wizard (3 damage)
             ... with a magic dart
             ... on level 4 of the Dungeon.
             The game lasted 00:11:03 (4632 turns).

pk666 the Magician (Deep Elf Hedge Wizard)          Turns: 4632, Time: 00:11:04

Health: 0/32       AC:  2    Str:  7    XL:     6   Next: 8%
Magic:  1/16       EV: 12    Int: 27    God:    Vehumet [......]
Gold:   129        SH:  0    Dex: 14    Spells: 10/16 levels left

rFire   . . .        a - +0 dagger
rCold   . . .        (no shield)
rNeg    . . .        j - +0 robe {Will+}
rPois   .            c - +0 hat
rElec   .            (no cloak)
rCorr   .            (no gloves)
SInv    .            (no boots)
Will    ++...        (no amulet)
Stlth   ++           w - +6 ring of intelligence
HPRegen 0.25/turn    m - ring of willpower
MPRegen 0.15/turn

%: no passive effects
@: about to teleport
A: no striking features
a: Renounce Religion


You were on level 4 of the Dungeon.
You worshipped Vehumet.
Vehumet was noncommittal.
You visited 1 branch of the dungeon, and saw 4 of its levels.

You collected 129 gold pieces.

Inventory:

Hand Weapons
 a - a +0 dagger (weapon)
Missiles
 l - 6 curare-tipped darts
 n - a throwing net
Armour
 c - a +0 hat (worn)
 j - a +0 robe of willpower (worn)
Magical Staves
 k - a staff of fire
Jewellery
 f - a +6 ring of strength
 m - a ring of willpower (right hand)
 p - a +4 ring of protection
 w - a +6 ring of intelligence (left hand)
Scrolls
 e - 2 scrolls of amnesia {unknown}
 g - 2 scrolls of teleportation
 h - a scroll of noise {unknown}
 i - a scroll of acquirement {unknown}
 q - 2 scrolls of vulnerability {unknown}
 r - a scroll of identify {unknown}
 t - a scroll of magic mapping {unknown}
 u - a scroll of butterflies {unknown}
Potions
 b - a potion of curing {unknown}
 d - 2 potions of magic
 o - a potion of attraction {unknown}
 s - a potion of mutation {unknown}
 v - a potion of cancellation {unknown}


   Skills:
 - Level 2.4 Dodging
 - Level 2.4 Stealth
 + Level 5.6 Spellcasting
 + Level 2.8 Conjurations
 - Level 1.1 Summonings
 + Level 3.0 Translocations
 * Level 2.5 Air Magic
 * Level 2.8 Poison Magic


You had 10 spell levels left.
You knew the following spells:

 Your Spells              Type           Power      Damage    Failure   Level
a - Magic Dart            Conj           92%        1d7       1%          1
b - Blink                 Tloc           48%        N/A       3%          2
c - Mephitic Cloud        Conj/Pois/Air  22%        N/A       6%          3

Your spell library contained the following spells:

 Spells                   Type           Power      Damage    Failure   Level
 Cigotuvi's Dreadful Rot  Necr/Pois/Air  34%        N/A       4%          2
 Call Imp                 Summ           26%        N/A       6%          2
 Slow                     Hex            28%        N/A       7%          1


Dungeon Overview and Level Annotations

Branches:
Dungeon (4/15)
 Temple: D:4-7

Altars:
Dithmenos
Trog
Vehumet
Xom

Annotations:
D:4 3 runed translucent doors, bmj180's ghost, amateur DrFE


Message History

Casting: Magic Dart (safe; 1% risk of failure)
Confirm with . or Enter, or press ? or * to list all spells.
Aiming: Magic Dart (safe; 1% risk of failure)
Press: ? - help, Shift-Dir - straight line, f/p - orc
Aim: an orc, wielding a +1 short sword of draining and wearing a +0 leather armour (almost dead, 100% to hit)
The magic dart hits something.
Something hits you.
Casting: Magic Dart (safe; 1% risk of failure)
Confirm with . or Enter, or press ? or * to list all spells.
Aiming: Magic Dart (safe; 1% risk of failure)
Press: ? - help, Shift-Dir - straight line, f/p - orc
Aim: an orc, wielding a +1 short sword of draining and wearing a +0 leather armour (almost dead, 100% to hit)
The magic dart hits something but does no damage.
Something hits you.
Casting: Magic Dart (safe; 1% risk of failure)
Confirm with . or Enter, or press ? or * to list all spells.
You don't have enough magic to cast this spell.
Casting: Magic Dart (safe; 1% risk of failure)
Confirm with . or Enter, or press ? or * to list all spells.
You don't have enough magic to cast this spell.
Casting: Magic Dart (safe; 1% risk of failure)
Confirm with . or Enter, or press ? or * to list all spells.
You don't have enough magic to cast this spell.
You closely miss something. Something barely misses you.
You miss something.
You hear some strange, mumbled words.
A puff of flame appears from out of thin air!
The puff of flame misses you.
You hit something.
You hear some strange, mumbled words.
A puff of flame appears from out of thin air!
The puff of flame hits you!
You miss something. Something hits you.
A magic dart appears from out of thin air!
The magic dart hits you!
* * * LOW HITPOINT WARNING * * *
As you read the scroll labelled OSAMONWOVVE, it crumbles to dust.
You feel strangely unstable.
It was a scroll of teleportation.
A magic dart appears from out of thin air!
The magic dart hits you.
You die...

....................
..(....o.....)......
###########..#####.
##)# #K# #o# #{#
##.# #####
###@.###)..##
#....##.....##
##....#[......#
#.....#....)..#
#....##......[#
#.†..###.....##
#..### ##...##
#.########'####
#.............#


You could see an orc and a kobold.

Vanquished Creatures
  An ogre (D:4)
  An orc priest (D:3)
  An orc wizard (D:2)
  A statue (D:3)
  3 adders
  2 worms
  3 dart slugs
  9 orcs
  6 endoplasms
  A giant cockroach (D:3)
  12 goblins
  8 hobgoblins
  3 quokkas
  4 ball pythons
  13 bats
  A frilled lizard (D:1)
  7 kobolds
  7 rats
83 creatures vanquished.

Notes
Turn   | Place    | Note
-------+----------+-------------------------------------------
     0 | D:1      | pk666 the Deep Elf Hedge Wizard began the quest for the
                  | Orb.
     0 | D:1      | Reached XP level 1. HP: 10/10 MP: 7/7
   286 | D:1      | Reached XP level 2. HP: 15/15 MP: 6/9
   316 | D:1      | Learned a level 2 spell: Blink
   952 | D:1      | Reached XP level 3. HP: 19/19 MP: 8/11
  1160 | D:1      | Learned a level 3 spell: Mephitic Cloud
  1291 | D:2      | Reached skill level 5 in Spellcasting
  1532 | D:2      | Reached skill level 1 in Air Magic
  1532 | D:2      | Reached skill level 1 in Poison Magic
  1532 | D:2      | Reached XP level 4. HP: 6/24 MP: 7/13
  1709 | D:2      | Found a shadowy altar of Dithmenos.
  2965 | D:3      | Reached XP level 5. HP: 28/28 MP: 7/14
  3131 | D:3      | Found a shimmering altar of Xom.
  3315 | D:3      | Found a bloodstained altar of Trog.
  3773 | D:3      | Found a radiant altar of Vehumet.
  3773 | D:3      | Noticed a charred statue
  3950 | D:3      | Killed a charred statue
  3956 | D:3      | Became a worshipper of Vehumet
  4152 | D:4      | Found a runed translucent gate.
  4152 | D:4      | Found a runed translucent gate.
  4152 | D:4      | Found a runed translucent gate.
  4160 | D:4      | Noticed bmj180's ghost (amateur DrFE)
  4279 | D:4      | Noticed an ogre
  4289 | D:4      | Killed an ogre
  4436 | D:4      | Reached XP level 6. HP: 32/32 MP: 10/16
  4632 | D:4      | Killed from afar by an orc wizard

Illustrated notes

Levels and vault maps discovered:
D:1:      lightli_arrival_lavapool, layout_loops_ring
D:2:      wander_river, layout_loops_corners, basic_altar
D:3:      layout_rooms, trog_hazing_becter, vehumet_statue, lemuel_crystal_altar
D:4:      minmay_opposing_rooms, layout_basic, nicolae_dithmenos_shadow_blocks,
          gammafunk_ghost_necromancy

Skill      XL: |  1  2  3  4  5 |
---------------+----------------+-----
Conjurations   | 2 |  2.8
Translocations | 2 3 |  3.0
Spellcasting   | 5 |  5.6
Air Magic      | 1 2 |  2.5
Poison Magic   | 1 2 |  2.8
Dodging        | |  2.4
Stealth        | |  2.4
Summonings     | |  1.1

Action                     |  1- 3 |  4- 6 || total
---------------------------+-------+-------++-------
  Melee: Dagger            |     2 |    18 ||    20
   Cast: Magic Dart        |    81 |   176 ||   257
         Blink             |       |     1 ||     1
         Mephitic Cloud    |       |     2 ||     2
    Use: Scroll            |       |     1 ||     1
 Armour: Robe              |     5 |    11 ||    16
  Dodge: Dodged            |     6 |    28 ||    34

Table legend: (Time is in decaauts)
 A = Elapsed time spent in this place.
 B = Non-inter-level travel time spent in this place.
 C = Inter-level travel time spent in this place.
 D = Time resting spent in this place.
 E = Time spent auto-exploring this place.
 F = Levels seen in this place.
 G = Mean time per level.
                   A        B        C        D        E       F      G
               +--------+--------+--------+--------+--------+-----+--------+
         Total |   4638 |   4543 |     95 |   1290 |   2677 |   4 | 1159.5 |
       Dungeon |   4638 |   4543 |     95 |   1290 |   2677 |   4 | 1159.5 |
               +--------+--------+--------+--------+--------+-----+--------+

Top non-repeatable levels by time:
     D:2: 1511 daAuts
     D:3: 1364 daAuts
     D:1: 1190 daAuts
     D:4: 572 daAuts
